AoeStats
← EXILE | Claire Redfield

Four Lakes

508983641Analyzed
1v1 RM · 6d ago on Sep 24, 2026· 56m 22s· 2 players
Game mode
Random Map
Map size
Tiny (2 player)
Population
200
Speed
Normal
Resources
Standard
Victory
Conquest
Starting age
Dark Age
Ending age
Imperial Age
RankedLock teamsTeams togetherTeam positionsShared explorationLock speedFull tech treeHidden civsTurbo modeCheats
Victory
Defeat
1093
+17
🇧🇷 Mongols · Brazil
1124
-17
EXILE | Claire Redfield
7:12 Loom
10:14 Feudal Age
12:27 Double-Bit Axe
13:53 Scale Barding Armor
13:58 Forging
14:16 Bloodlines
18:13 Wheelbarrow
18:47 Fishing Lines
22:30 Castle Age
20:51 Gold Mining
22:41 Horse Collar
23:33 Chain Barding Armor
22:43 Light Cavalry
26:18 Iron Casting
27:37 Fervor
32:21 Hand Cart
35:47 Imperial Age
33:40 Husbandry
35:55 Town Watch
37:07 Plate Barding Armor
36:44 Elite Leitis
38:54 Conscription
39:16 Fletching
42:32 Ballistics
45:27 Bodkin Arrow
46:22 Stone Mining
47:43 Hoardings
47:21 Masonry
50:07 Chemistry
49:03 Murder Holes
49:57 Bracer
50:35 Heavy Plow
Dibrei
7:01 Loom
9:20 Feudal Age
10:53 Double-Bit Axe
11:43 Town Watch
12:03 Horse Collar
15:07 Forging
18:41 Wheelbarrow
23:09 Castle Age
21:52 Scale Mail Armor
22:18 Gold Mining
23:44 Stone Mining
23:42 Arson
23:25 Pikeman
24:09 Squires
24:45 Iron Casting
26:30 Fervor
26:36 Bow Saw
29:22 Hand Cart
30:06 Chain Mail Armor
31:15 Padded Archer Armor
31:11 Fletching
31:46 Padded Archer Armor
32:19 Bodkin Arrow
33:39 Gold Shaft Mining
33:42 Stone Shaft Mining
33:09 Heavy Plow
34:02 Ballistics
34:05 Leather Archer Armor
34:48 Murder Holes
36:20 Husbandry
37:03 Arson
37:59 Town Patrol
41:17 Imperial Age
40:08 Scale Barding Armor
40:15 Bloodlines
40:43 Fortified Wall
43:07 Blast Furnace
41:58 Capped Ram
44:18 Chemistry
44:24 Drill
47:25 Conscription
48:16 Masonry
47:38 Siege Ram
51:02 Hoardings
49:49 Elite Mangudai
53:44 Plate Mail Armor
54:03 Bracer
Connection lost

Rejoining the realm…

Still unreachable

The connection could not be restored.

Session expired

The server has moved on; the page needs a fresh start.